 Dungeon Crawl Stone Soup version 0.27-a0-1136-g0b992a5a9d (webtiles) character file.

Game seed: 8124927373382850261

102602 DasRunzen the Spear-Bearer (level 15, -18/120 HPs)
             Began as a Demonspawn Gladiator on May 5, 2021.
             Was the Champion of Dithmenos.
             Demolished by a two-headed ogre
             ... wielding a +0 giant club
              (22 damage)
             ... while paralysed by an ogre mage
             ... on level 14 of the Dungeon.
             The game lasted 01:17:57 (24029 turns).

DasRunzen the Spear-Bearer (Demonspawn Gladiator)  Turns: 24029, Time: 01:17:57

Health: -18/120    AC: 14    Str: 22 (23) XL:     15   Next: 86%
Magic:  7/7        EV:  2    Int: 22      God:    Dithmenos [******]
Gold:   2227       SH:  0    Dex: 14 (20) Spells: 12/14 levels left

rFire    + . .     SeeInvis .   y - +10 falchion of Heawoil {antimagic, rC+}
rCold    . . .     Faith    .   k - +1 buckler
rNeg     . . .     Spirit   .   w - +1 robe of Untruth {Str+4 Int+7 Dex+2}
rPois    .         Reflect  .   L - +2 hood of the Assassin {Detection Stab+ Stlth++}
rElec    .         Harm     .   d - +2 cloak
rCorr    .         Rampage  .   (gloves unavailable)
Will     +....                  R - +1 pair of boots Stlth ***+++++++
                                r - amulet of regeneration
HPRegen  1.30/turn              B - ring "Hostuk" {Fire Str+3 Int+2}
MPRegen  0.10/turn              s - +4 ring of protection

@: paralysed, wreathed by umbra
A: claws 3, large bone plates 3, icemail 1, spiny 2, condensation shield,
deterioration 1, sense surroundings 1, strong 1
a: Renounce Religion, Shadow Step, Shadow Form


You were on level 14 of the Dungeon.
You worshipped Dithmenos.
Dithmenos was exalted by your worship.
You visited 3 branches of the dungeon, and saw 23 of its levels.
You also visited: Ossuary and Gauntlet.

You collected 2405 gold pieces.
You spent 178 gold pieces at shops.

Inventory:

Hand Weapons
 a - a +7 trident
 y - the +10 falchion of Heawoil (weapon) {antimagic, rC+}
   (You found it on level 2 of the Orcish Mines)

   It reduces the magical energy of the wielder, and disrupts the spells and
   magical abilities of those hit.
   Natural abilities and divine invocations are not affected.
   It protects you from cold.
 I - the +0 scimitar of Twilight {flame, Will+ Int+2 Stlth+}
   (You found it in a Gauntlet)

   It has been specially enchanted to burn those struck by it, causing extra
   injury to most foes and up to half again as much damage against particularly
   susceptible opponents.
   Big, fiery blades are also staple armaments of hydra-hunters.
   It affects your intelligence (+2).
   It increases your willpower.
   It makes you more stealthy.
 K - the +7 long sword "Bej Lealar" {vorpal, rPois Int+4}
   (You found it on level 1 of the Lair of Beasts)

   It inflicts extra damage upon your enemies.
   It affects your intelligence (+4).
   It protects you from poison.
Missiles
 j - 14 atropa-tipped darts (quivered)
 D - 5 curare-tipped darts
 V - 8 boomerangs of dispersal
Armour
 d - a +2 cloak (worn)
 k - a +1 buckler (worn)
 w - the +1 robe of Untruth (worn) {Str+4 Int+7 Dex+2}
   (You found it on level 7 of the Dungeon)

   It affects your strength (+4).
   It affects your intelligence (+7).
   It affects your dexterity (+2).
 L - the +2 hood of the Assassin (worn) {Detection Stab+ Stlth++}
   (You found it on level 1 of the Lair of Beasts)

   It makes you much more stealthy.
 N - the +4 chain mail of the Eleven Yaks {-Cast rPois Dex+8}
   (You found it on level 4 of the Lair of Beasts)

   It affects your dexterity (+8).
   It protects you from poison.
   It prevents spellcasting.
 R - a +1 pair of boots (worn)
Jewellery
 c - a ring of flight
 l - an amulet of magic regeneration
 m - a ring of protection from fire
 r - an amulet of regeneration (around neck)
 s - a +4 ring of protection (right claw)
 B - the ring "Hostuk" (left claw) {Fire Str+3 Int+2}
   (You found it on level 8 of the Dungeon)

   [ring of fire]

   It enhances your fire magic.
   It affects your strength (+3).
   It affects your intelligence (+2).
   It protects you from fire.
   It makes you vulnerable to cold.
 M - a +6 ring of strength
 P - a ring of wizardry
 W - a +6 ring of strength
Wands
 b - a wand of mindburst (11)
 u - a wand of charming (15)
 v - a wand of flame (61)
 A - a wand of acid (28)
 C - a wand of iceblast (23)
 E - a wand of digging (9)
 J - a wand of polymorph (23)
 O - a wand of paralysis (5)
Scrolls
 h - 4 scrolls of amnesia
 n - 9 scrolls of teleportation
 x - 13 scrolls of identify
 z - a scroll of blinking
 G - 3 scrolls of magic mapping
 H - 2 scrolls of fear
 T - a scroll of summoning
 U - a scroll of fog
Potions
 e - 5 potions of curing
 f - 2 potions of haste
 g - 10 potions of flight
 i - 2 potions of ambrosia
 o - 4 potions of resistance
 p - 7 potions of brilliance
 q - 2 potions of might
 F - 3 potions of cancellation
 Q - a potion of berserk rage
Miscellaneous
 S - a piece from Xom's chessboard (15/15)


   Skills:
 + Level 12.0 Fighting
 + Level 7.6 Long Blades
 + Level 13.4 Polearms
 - Level 1.7 Throwing
 + Level 11.2 Dodging
 + Level 11.7 Stealth
 + Level 10.2 Shields
 + Level 3.5 Hexes
 + Level 11.9 Invocations


You had 12 spell levels left.
You knew the following spells:

 Your Spells              Type           Power      Damage    Failure   Level
a - Slow                  Hex            15%        N/A       6%          2

Your spell library contained the following spells:

 Spells                   Type           Power      Damage    Failure   Level
 Confusing Touch          Hex            15%        N/A       12%         3
 Animate Skeleton         Necr           0%         N/A       17%         1
 Beastly Appendage        Tmut           0%         N/A       17%         1
 Foxfire                  Conj/Fire      0%         2x1d4     17%         1
 Magic Dart               Conj           0%         1d3       17%         1
 Pain                     Necr           0%         1d4       17%         1
 Shock                    Conj/Air       0%         1d3       17%         1
 Sting                    Tmut/Pois      0%         1d3       17%         1
 Summon Small Mammal      Summ           0%         N/A       17%         1
 Summon Guardian Golem    Hex/Summ       7%         N/A       24%         3
 Blink                    Tloc           N/A        N/A       26%         2
 Call Imp                 Summ           0%         N/A       26%         2
 Passwall                 Tmut/Erth      0%         N/A       26%         2
 Poisonous Vapours        Pois/Air       0%         N/A       26%         2
 Searing Ray              Conj           0%         3d3       26%         2
 Static Discharge         Conj/Air       0%         N/A       26%         2
 Wereblood                Tmut           0%         N/A       26%         2
 Cause Fear               Hex            7%         N/A       36%         4
 Conjure Flame            Conj/Fire      0%         6-21      45%         3
 Gell's Gravitas          Tloc           0%         N/A       45%         3
 Ignite Poison            Fire/Tmut/Pois 0%         N/A       45%         3
 Mephitic Cloud           Conj/Pois/Air  0%         N/A       45%         3
 Spider Form              Tmut/Pois      0%         N/A       45%         3
 Stone Arrow              Conj/Erth      0%         3d7       45%         3
 Swiftness                Air            0%         N/A       45%         3
 Vampiric Draining        Necr           0%         2d6       45%         3
 Leda's Liquefaction      Hex/Erth       3%         N/A       63%         4
 Airstrike                Air            0%         N/A       86%         4
 Animate Armour           Summ/Erth      0%         N/A       86%         4
 Animate Dead             Necr           0%         N/A       86%         4
 Hailstorm                Conj/Ice       0%         3d3       86%         4
 Ice Form                 Ice/Tmut       0%         N/A       86%         4
 Olgreb's Toxic Radiance  Pois           0%         N/A       86%         4
 Petrify                  Tmut/Erth      0%         N/A       86%         4
 Sticky Flame             Conj/Fire      0%         2d3       86%         4
 Summon Lightning Spire   Summ/Air       0%         N/A       86%         4
 Metabolic Englaciation   Hex/Ice        3%         N/A       92%         5
 Silence                  Hex/Air        3%         N/A       92%         5
 Summon Mana Viper        Hex/Summ       7%         N/A       92%         5
 Yara's Violent Unravell  Hex/Tmut       3%         3d4       92%         5
 Agony                    Necr           0%         N/A       99%         5
 Bolt of Magma            Conj/Fire/Erth 0%         4d4       99%         5
 Borgnjor's Vile Clutch   Necr/Erth      0%         N/A       99%         5
 Hydra Form               Tmut           0%         N/A       99%         5
 Iskenderun's Battlesphe  Conj           0%         2d6       99%         5
 Lightning Bolt           Conj/Air       0%         1d11      99%         5
 Conjure Ball Lightning   Conj/Air       0%         3x3d6     100%        6
 Death Channel            Necr           0%         N/A       100%        6
 Freezing Cloud           Conj/Ice/Air   0%         6-21      100%        6
 Iron Shot                Conj/Erth      0%         9d1       100%        6
 Simulacrum               Ice/Necr       0%         N/A       100%        6
 Statue Form              Tmut/Erth      0%         N/A       100%        6
 Dragon Form              Tmut           0%         N/A       100%        7
 Orb of Destruction       Conj           0%         N/A       100%        7
 Spellforged Servitor     Conj/Summ      0%         N/A       100%        7
 Dragon's Call            Summ           0%         N/A       100%        9
 Shatter                  Erth           0%         3d5*      100%        9
 Tornado                  Air            0%         N/A       100%        9


Dungeon Overview and Level Annotations

Branches:
Dungeon (15/15)            Temple (0/1) D:4            Lair (6/6) D:10
 Shoals (0/4) Lair:3        Snake (0/4) Lair:3        Slime (0/5) Lair:6
    Orc (2/2) D:12            Elf (0/3) Orc:2        Vaults (0/5) D:14
Ossuary (visited)         Gauntlet (visited)
 Depths: D:15

Altars:
Ashenzari
Dithmenos
Gozag
Qazlal
Xom
Beogh
Jiyva

Shops:
D:13 [   D:14 *   Orc:2 (=[*(

Portals:
Trove: D:10 (give 19 potions of curing)

Annotations:
Lair:6 exclusion: oklob plant
Orc:2 Banquo's ghost, journeyman GrMo


Innate Abilities, Weirdness & Mutations

You have claws for hands.
You are completely covered in large bone plates. (SH +8)
A meltable icy envelope protects you from harm. (AC +0)
You are mostly covered in sharp spines.
A meltable shield of frost defends you. (SH +0)
Your body sometimes deteriorates upon taking damage.
You passively map a small area around you.
Your muscles are strong. (Str +2)


Message History

There is a stone staircase leading down here.
Something hits you!
* * * LOW HITPOINT WARNING * * *
You emit a cloud of dark smoke.
Deactivating autopickup; reactivate with Ctrl-A.
You block the two-headed ogre's attack. x2
Something hits you but does no damage. Something barely misses you.
The two-headed ogre closely misses you.
You riposte.
You slash the two-headed ogre!
The two-headed ogre is moderately wounded.
The two-headed ogre hits you with a +0 giant spiked club.
* * * LOW HITPOINT WARNING * * *
You feel much better. The two-headed ogre barely misses you.
The two-headed ogre hits you with a +0 giant club!
* * * LOW HITPOINT WARNING * * *
You hear some strange, mumbled words.
A bolt of magma appears from out of thin air!
The bolt of magma misses you. Something hits you.
* * * LOW HITPOINT WARNING * * *
You feel much better.
The two-headed ogre is struck by your spines.
You kill the two-headed ogre!
Dithmenos accepts your kill.
You hear some strange, mumbled words.
You suddenly lose the ability to move!
The two-headed ogre hits you with a +0 giant club.
The two-headed ogre hits you with a +0 giant spiked club!
* * * LOW HITPOINT WARNING * * *
Something hits you but does no damage.
You hear some strange, mumbled words.
Something tries to affect you, but you resist.
The two-headed ogre hits you with a +0 giant club!
* * * LOW HITPOINT WARNING * * *
The two-headed ogre hits you with a +0 giant spiked club!
* * * LOW HITPOINT WARNING * * *
Something hits you but does no damage.
The two-headed ogre hits you with a +0 giant club!
* * * LOW HITPOINT WARNING * * *
The two-headed ogre hits you with a +0 giant spiked club!!
You die...

..........#...##
...............##
..........##....##
#.##............>###
#..#...........§§§§##
##..............§§§§#
................#§###
.....#...#...####{.#
.....##..#....##@O.#
....#####[....###..#
..### ##..### ####
...# #### .### ##


You could see a two-headed ogre (fast).

Vanquished Creatures
  Rupert (D:12)
  Jorgrun (D:13)
  An orc warlord (Orc:2)
  A very ugly thing (D:14)
  Nessos (D:12)
  A minotaur (Gauntlet)
  6 hydras
  A merfolk avatar (Lair:6)
  A vault guard (D:14)
  5 boulder beetles
  7 centaur warriors
  7 two-headed ogres
  A catoblepas (D:13)
  2 death knights
  2 tengu warriors
  3 orc high priests (Orc:2)
  A soul eater (Gauntlet)
  A fire crab (Lair:3)
  The ghost of glosham the Cleaver, a novice DjDe (D:8)
  A sea snake (Lair:6)
  6 deep elf zephyrmancers
  A wizard (D:14)
  A necromancer (D:15)
  A harpy (Lair:6)
  8 orc knights
  6 deep elf pyromancers
  14 ugly things
  5 orc sorcerers
  2 manticores
  8 elephants
  6 cyclopes
  Joseph (D:7)
  Maurice (D:12)
  4 black mambas
  13 cane toads
  5 rime drakes (Lair:6)
  2 torpor snails (Lair:5)
  2 kobold demonologists
  14 komodo dragons
  A freezing wraith (D:14)
  A tengu conjurer (D:13)
  An ice devil (Gauntlet)
  4 hornets
  A merfolk (Lair:3)
  3 meliai (D:14)
  A wind drake (Lair:6)
  4 polar bears
  4 trolls
  9 blink frogs
  5 slime creatures (D:13)
  A spriggan (Lair:3)
  58 yaks
  4 small abominations (Gauntlet)
  7 wyverns
  A basilisk (Lair:6)
  2 wraiths
  Grum (Lair:1)
  A water elemental (D:14)
  3 steam dragons
  2 large abominations (Gauntlet)
  6 wargs
  2 acid dragons
  4 nagas (Lair:3)
  24 water moccasins
  Duvessa (D:7)
  9 black bears
  4 ice beasts
  39 orc warriors
  9 necrophages
  9 ogres
  13 centaurs
  46 wolves
  A phantom (D:6)
  3 kobold brigands
  9 bullfrogs
  4 scorpions
  Dowan (D:7)
  2 wyvern zombies
  A water moccasin zombie (D:5)
  8 wights
  7 killer bees (D:7)
  7 electric eels
  2 howler monkeys
  2 bullfrog zombies
  5 centaur zombies
  5 hounds
  32 orc priests
  A gnoll shaman (D:8)
  A jelly (D:7)
  3 centaur skeletons
  2 iguanas (D:5)
  31 orc wizards
  2 centaur simulacra (D:8)
  11 mummies (Ossuary)
  A killer bee simulacrum (D:8)
  A howler monkey skeleton (D:7)
  3 gnolls (D:8)
  11 adders
  5 shadow imps
  5 white imps
  2 ufetubi
  4 worms
  5 dart slugs
  116 orcs
  2 bats
  6 endoplasms
  3 giant cockroaches
  5 hobgoblins
  8 jackals
  5 quokkas
  5 ball pythons
  4 frilled lizards
  3 gnoll skeletons (Ossuary)
  7 goblins
  A goblin skeleton (Ossuary)
  28 kobolds
  2 kobold skeletons (Ossuary)
  An orc skeleton (Ossuary)
  8 rats
  11 rat skeletons (Ossuary)
  A bush (Lair:6)
818 creatures vanquished.

Vanquished Creatures (others)
  A wizard (D:12)
  An unseen horror (D:12)
  An orc priest (Orc:2)
  2 orc wizards
  3 orcs (D:12)
  An orc skeleton (Ossuary)
  29 demonic plants (Gauntlet)
  46 fungi
  106 plants
  8 withered plants (D:15)
198 creatures vanquished.

Grand Total: 1016 creatures vanquished

Notes
Turn   | Place    | Note
-------+----------+-------------------------------------------
     0 | D:1      | DasRunzen the Demonspawn Gladiator began the quest for the
                  | Orb.
     0 | D:1      | Reached XP level 1. HP: 16/16 MP: 1/1
   913 | D:1      | Gained mutation: You are partially covered in large bone
                  | plates. (SH +4) [demonic ancestry]
   913 | D:1      | Reached XP level 2. HP: 22/22 MP: 2/2
  1109 | D:1      | Reached skill level 3 in Polearms
  1664 | D:2      | Gained mutation: You have sharp fingernails. [demonic
                  | ancestry]
  1664 | D:2      | Reached XP level 3. HP: 17/28 MP: 3/3
  2023 | D:2      | Found a faded altar of an unknown god.
  2046 | D:2      | Became a worshipper of Dithmenos the Shadowed
  2046 | D:2      | Reached * piety under Dithmenos
  2304 | D:2      | Gained mutation: You are partially covered in sharp spines.
                  | [demonic ancestry]
  2304 | D:2      | Reached XP level 4. HP: 34/34 MP: 4/4
  2374 | D:2      | Reached skill level 1 in Invocations
  3017 | D:3      | Reached skill level 1 in Stealth
  3329 | D:3      | Reached ** piety under Dithmenos
  3505 | D:4      | Found a sand-covered staircase.
  3514 | Ossuary  | Entered an ossuary
  3673 | Ossuary  | Reached XP level 5. HP: 23/41 MP: 6/6
  4310 | Ossuary  | Gained mutation: You are mostly covered in sharp spines.
                  | [demonic ancestry]
  4310 | Ossuary  | Reached XP level 6. HP: 47/47 MP: 7/7
  4314 | Ossuary  | Gained mutation: Your movements are slightly less
                  | encumbered by armour. (ER -2) [potion of mutation]
  4314 | Ossuary  | Gained mutation: You are clumsy. (Dex -2) [potion of
                  | mutation]
  4315 | Ossuary  | Lost mutation: Your movements are slightly less encumbered
                  | by armour. (ER -2) [potion of mutation]
  4315 | Ossuary  | Lost mutation: You are clumsy. (Dex -2) [potion of
                  | mutation]
  4315 | Ossuary  | Gained mutation: Your spells are a little easier to cast,
                  | but a little less powerful. [potion of mutation]
  4492 | D:4      | Reached skill level 4 in Polearms
  4674 | D:4      | Reached *** piety under Dithmenos
  4778 | D:4      | Noticed a steam dragon
  4790 | D:4      | Killed a steam dragon
  4791 | D:4      | Gained mutation: You are mostly covered in large bone
                  | plates. (SH +6) [demonic ancestry]
  4791 | D:4      | Reached XP level 7. HP: 44/54 MP: 9/9
  5183 | D:4      | Found a staircase to the Ecumenical Temple.
  5277 | D:5      | Entered Level 5 of the Dungeon
  5405 | D:5      | Gained mutation: A meltable shield of frost defends you.
                  | (SH +0) [demonic ancestry]
  5405 | D:5      | Reached XP level 8. HP: 61/61 MP: 11/11
  5412 | D:5      | Reached skill level 5 in Invocations
  5653 | D:5      | Reached skill level 5 in Polearms
  5738 | D:5      | Reached skill level 5 in Fighting
  5860 | D:5      | Reached skill level 5 in Dodging
  5915 | D:5      | Reached skill level 1 in Shields
  6421 | D:6      | Reached XP level 9. HP: 69/69 MP: 12/12
  6674 | D:7      | Reached skill level 6 in Polearms
  6712 | D:7      | Reached skill level 5 in Stealth
  6717 | D:7      | Reached **** piety under Dithmenos
  6822 | D:7      | Identified the +1 robe of Untruth {Str+4 Int+7 Dex+2}
  7315 | D:7      | Noticed Joseph
  7340 | D:7      | Killed Joseph
  7341 | D:7      | Reached skill level 7 in Polearms
  7742 | D:7      | Lost mutation: Your spells are a little easier to cast, but
                  | a little less powerful. [potion of mutation]
  7742 | D:7      | Gained mutation: Your body sometimes deteriorates upon
                  | taking damage. [potion of mutation]
  7742 | D:7      | Gained mutation: You have sharp toenails. [potion of
                  | mutation]
  7742 | D:7      | Gained mutation: You passively map a small area around you.
                  | [potion of mutation]
  7763 | D:7      | Noticed Dowan
  7764 | D:7      | Noticed Duvessa
  7781 | D:7      | Killed Duvessa
  7798 | D:7      | Killed Dowan
  8001 | D:8      | Noticed a two-headed ogre
  8011 | D:8      | Killed a two-headed ogre
  8012 | D:8      | Gained mutation: A meltable icy envelope protects you from
                  | harm. (AC +0) [demonic ancestry]
  8012 | D:8      | Reached XP level 10. HP: 79/79 MP: 13/13
  8015 | D:8      | Reached skill level 8 in Polearms
  8124 | D:8      | Identified the +5 dire flail "Xoil" {freeze, rF+ Str+8
                  | Dex-2}
  8213 | D:8      | Found a runed translucent gate.
  8213 | D:8      | Found a runed translucent gate.
  8214 | D:8      | Found a runed translucent gate.
  8278 | D:8      | Noticed glosham's ghost (novice DjDe)
  8479 | D:8      | Noticed a two-headed ogre
  8490 | D:8      | Killed a two-headed ogre
  8635 | D:8      | Reached ***** piety under Dithmenos
  8655 | D:8      | Killed glosham's ghost
  8656 | D:8      | Reached skill level 5 in Shields
  8669 | D:8      | Reached skill level 9 in Polearms
  8678 | D:8      | Identified the ring "Hostuk" {Fire Str+3 Int+2}
  8886 | D:9      | Noticed a two-headed ogre
  8895 | D:9      | Killed a two-headed ogre
  9282 | D:10     | Entered Level 10 of the Dungeon
  9291 | D:10     | Found a staircase to the Lair.
  9298 | D:10     | Gained mutation: You are completely covered in large bone
                  | plates. (SH +8) [demonic ancestry]
  9298 | D:10     | Reached XP level 11. HP: 86/86 MP: 14/14
  9429 | D:10     | Noticed a deep elf zephyrmancer
  9452 | D:10     | Noticed a deep elf zephyrmancer
  9454 | D:10     | Killed a deep elf zephyrmancer
  9467 | D:10     | Killed a deep elf zephyrmancer
  9468 | D:10     | Reached skill level 10 in Polearms
  9513 | D:10     | Identified the Almanac of Plaster Cramp
  9520 | D:10     | Identified the Papyrus of Dhcmrlchtdj
  9527 | D:10     | Noticed a deep elf pyromancer
  9530 | D:10     | Noticed a wizard
  9533 | D:10     | Killed a deep elf pyromancer
  9557 | D:10     | Identified the Incunabulum of Sand
  9788 | D:10     | Found a shimmering altar of Xom.
  9848 | D:10     | Lost mutation: Your body sometimes deteriorates upon taking
                  | damage. [potion of mutation]
  9848 | D:10     | Lost mutation: You have sharp toenails. [potion of
                  | mutation]
  9848 | D:10     | Gained mutation: Your muscles are strong. (Str +2) [potion
                  | of mutation]
  9848 | D:10     | Gained mutation: You have very sharp fingernails. [potion
                  | of mutation]
  9848 | D:10     | Gained mutation: Your body sometimes deteriorates upon
                  | taking damage. [potion of mutation]
  9848 | D:10     | Gained mutation: Your mind is acute. (Int +2) [potion of
                  | mutation]
  9919 | D:10     | Found a portal to a secret trove of treasure.
 10227 | Lair:1   | Entered Level 1 of the Lair of Beasts
 10671 | Lair:1   | Noticed Grum
 10684 | Lair:1   | Killed Grum
 10691 | Lair:1   | Identified the +7 long sword "Bej Lealar" {vorpal, rPois
                  | Int+4}
 10828 | Lair:1   | Found the +2 hood of the Assassin {Detection Stab+ Stlth++}
 10841 | Lair:1   | Identified Waoc's Catalogue of the Freezing Volcanoes
 11057 | Lair:2   | Reached skill level 1 in Long Blades
 11094 | Lair:2   | Reached XP level 12. HP: 95/95 MP: 16/16
 11846 | Lair:3   | Reached skill level 11 in Polearms
 11849 | Lair:3   | Found a gate leading to a gauntlet.
 11854 | Gauntlet | Entered a Gauntlet
 11854 | Gauntlet | Found a transporter.
 11854 | Gauntlet | Found a transporter.
 11854 | Gauntlet | Found a transporter.
 11858 | Gauntlet | Found a transporter.
 11868 | Gauntlet | Found a transporter.
 11872 | Gauntlet | Found a transporter.
 11882 | Gauntlet | Found a transporter.
 11887 | Gauntlet | Found a transporter.
 11906 | Gauntlet | Found a transporter.
 11910 | Gauntlet | Found a transporter.
 11920 | Gauntlet | Found a transporter.
 11924 | Gauntlet | Found a transporter.
 12192 | Gauntlet | Identified the +0 scimitar of Twilight {flame, Will+ Int+2
                  | Stlth+}
 12323 | Gauntlet | Noticed a minotaur
 12345 | Gauntlet | Killed a minotaur
 12830 | Lair:3   | Reached ****** piety under Dithmenos
 13030 | Lair:3   | Found a staircase to the Snake Pit.
 13178 | Lair:3   | Found a staircase to the Shoals.
 13363 | Lair:3   | Reached skill level 10 in Fighting
 13418 | Lair:3   | Noticed a six-headed hydra
 13426 | Lair:3   | Killed a three-headed hydra
 13427 | Lair:3   | Reached XP level 13. HP: 95/103 MP: 18/18
 13926 | Lair:4   | Identified the +4 chain mail of the Eleven Yaks {-Cast
                  | rPois Dex+8}
 14053 | Lair:4   | Reached skill level 12 in Polearms
 14740 | Lair:5   | Identified Sif Muna's Almanac of the Mountains and the
                  | Escort
 15023 | Lair:6   | Entered Level 6 of the Lair of Beasts
 15110 | Lair:6   | Found a broken altar of Ashenzari.
 15222 | Lair:5   | Reached skill level 10 in Stealth
 15411 | Lair:6   | Reached skill level 5 in Long Blades
 15522 | Lair:6   | Reached skill level 10 in Dodging
 15708 | Lair:6   | HP: 5/104 [wind drake/the air (13)]
 15942 | Lair:6   | Mutation became permanent: You have sharp fingernails.
                  | [demonic ancestry]
 15942 | Lair:6   | Gained mutation: You have very sharp fingernails. [demonic
                  | ancestry]
 15942 | Lair:6   | Reached XP level 14. HP: 111/111 MP: 21/21
 16323 | Lair:6   | Found a staircase to the Slime Pits.
 16323 | Lair:6   | Found a viscous altar of Jiyva.
 18018 | D:12     | Noticed Nessos
 18031 | D:12     | Noticed Maurice
 18032 | D:12     | Killed Nessos
 18033 | D:12     | Reached skill level 10 in Invocations
 18077 | D:12     | Killed Maurice
 18223 | D:12     | Found a staircase to the Orcish Mines.
 18427 | D:12     | Noticed Rupert
 18430 | D:12     | Paralysed by Rupert for 2 turns
 18442 | D:12     | Paralysed by Rupert for 2 turns
 18443 | D:12     | Killed Rupert
 18756 | D:13     | Found Omoublok's Antique Armour Shop.
 19204 | D:13     | Found a stormy altar of Qazlal.
 19269 | D:13     | Noticed Jorgrun
 19275 | D:13     | Killed Jorgrun
 19277 | D:13     | Identified the +4 ring mail of the Moon Troll {Rampage
                  | *Corrode rC+ rN+}
 19605 | D:14     | Noticed a brown very ugly thing
 19624 | D:14     | Killed a brown very ugly thing
 19730 | D:14     | Found a gate to the Vaults.
 19823 | D:14     | Reached skill level 13 in Polearms
 19922 | D:14     | Gained mutation: You have claws for hands. [demonic
                  | ancestry]
 19922 | D:14     | Reached XP level 15. HP: 119/119 MP: 23/23
 19972 | D:14     | Found Defuipoi's General Store.
 19987 | D:14     | Bought a potion of curing for 51 gold pieces
 19990 | D:14     | Learned a level 2 spell: Slow
 20474 | Orc:1    | Entered Level 1 of the Orcish Mines
 20520 | Orc:1    | Reached skill level 1 in Hexes
 21200 | Orc:2    | Entered Level 2 of the Orcish Mines
 21373 | Orc:2    | Found Toleza's Weapon Shop.
 21538 | Orc:2    | Found a staircase to the Elven Halls.
 21613 | Orc:2    | Found a runed translucent gate.
 21613 | Orc:2    | Found a runed translucent gate.
 21613 | Orc:2    | Found a runed translucent gate.
 21613 | Orc:2    | Noticed Banquo's ghost (journeyman GrMo)
 22020 | Orc:2    | Noticed an orc warlord
 22146 | Orc:2    | Killed an orc warlord
 22623 | Orc:2    | Found Ciabu's Antique Armour Boutique.
 22624 | Orc:2    | Found Diwuedim's Antique Weapon Shop.
 22626 | Orc:2    | Found Xeubbapet's General Store.
 22626 | Orc:2    | Found Urengufo's Jewellery Boutique.
 22643 | Orc:2    | Bought a scroll of enchant weapon for 127 gold pieces
 22770 | Orc:2    | Paralysed by an orc sorcerer for 6 turns
 22781 | Orc:2    | Lost mutation: Your mind is acute. (Int +2) [a neqoxec]
 22789 | Orc:2    | Reached skill level 10 in Shields
 22929 | Orc:2    | Identified the +10 falchion of Heawoil {antimagic, rC+}
 23334 | D:15     | Entered Level 15 of the Dungeon
 23401 | D:15     | Found an opulent altar of Gozag.
 24022 | D:14     | HP: 6/120 [two-headed ogre/+0 giant club (6)]
 24027 | D:14     | Paralysed by something for 7 turns
 24029 | D:14     | HP: 4/120 [two-headed ogre/+0 giant club (14)]
 24029 | D:14     | Demolished by a two-headed ogre

Illustrated notes

Levels and vault maps discovered:
D:1:      psy_arrival_radial01, layout_loops_ring
D:2:      layout_basic, ebering_ecumenical_altar_petrified,
          roderic_roman_lattice
D:3:      layout_loops_corners, minivault_19
D:4:      layout_loops_ring, temple_hall, lightli_ossuary_entry_decrepit_ruins
D:5:      layout_loops_cross, grunt_decor_one_mirror
D:6:      layout_gridville, minmay_manual_macuahuitl
D:7:      minmay_general_purpose_star, layout_layer_cave, grunt_decor_junction,
          minmay_misc_feat_columns, uniq_duvessa, uniq_joseph
D:8:      layout_loops_ring, gammafunk_ghost_icy
D:9:      layout_roguey
D:10:     layout_cave_pools, lemuel_coloured_pillars_altar,
          due_lair_maze_entry_diamond, trove_entry_hex_spiral,
          bh_hangedman_babel_library
D:11:     layout_grid_maze
D:12:     layout_basic, hiddenorc2_lemuel, uniq_rupert, uniq_nessos,
          uniq_maurice
D:13:     layout_irregular_city, serial_shops, nicolae_shop_crystal,
          grunt_qazlal_clouds, uniq_jorgrun
D:14:     layout_cave_pools, david_vaults_5, kennysheep_donut, serial_shops,
          nicolae_shop_trees, special_room [special_room_orc]
D:15:     gammafunk_depths_entry_grave, layout_cave_pools, special_room
          [special_room_orc], nicolae_gozag_cash_rules_everything_around_me
Lair:1:   layout_regular_city, serial_bayou_shore_b, uniq_grum
Lair:2:   layout_cellular_growth, roderic_carrion_pond, grunt_megastairs_3
Lair:3:   layout_small_grid, elwin_shoals_entry_rooms,
          minmay_snake_entry_guardpost_medium, serial_bayou,
          serial_bayou_pond_a, serial_bayou_shore_b, serial_bayou_pond_b,
          serial_bayou_lagoon_b, gauntlet_entry_generic,
          grunt_forest_large_clearings
Lair:4:   layout_long_grid
Lair:5:   layout_long_grid, chequers_serial_rivers_micro_c
Lair:6:   gammafunk_lair_ancient_temple, layout_misc_corridors, slime_altar_1,
          basic_altar, minmay_lair_oklob_bushes
Orc:1:    layout_diamond_mine, mines5_lemuel
Orc:2:    st_orc_congregation, layout_diamond_mine, ebering_ghost_rock_garden,
          serial_shops, shop, elves_outpost_lemuel

Skill      XL: |  1  2  3  4  5  6  7  8  9 10 11 12 13 14 15 |
---------------+----------------------------------------------+-----
Polearms       | 3 4 5 7 9 10 11 12 13 | 13.4
Dodging        | 3 4 5 6 7 8 9 10 11 | 11.2
Invocations    | 1 2 3 4 5 7 9 10 11 | 11.9
Fighting       | 3 4 5 7 8 9 10 11 12 | 12.0
Stealth        | 1 2 3 4 6 7 8 9 10 11 | 11.7
Shields        | 2 4 5 6 7 8 9 10 | 10.2
Long Blades    | 1 3 5 6 7 |  7.6
Hexes          | 3 |  3.5
Throwing       | |  1.7

Action                   |  1- 3 |  4- 6 |  7- 9 | 10-12 | 13-15 || total
-------------------------+-------+-------+-------+-------+-------++-------
Melee: Trident           |   151 |   193 |   322 |   740 |  1605 ||  3011
       Kick              |       |       |    16 |    86 |       ||   102
       Unarmed           |       |       |    10 |       |       ||    10
       Scimitar          |       |       |       |     4 |       ||     4
       Falchion          |       |       |       |       |   212 ||   212
Throw: Throwing net      |       |       |       |     3 |     1 ||     4
  Use: Scroll            |     4 |    11 |     9 |     6 |     8 ||    38
       Potion            |       |     2 |     2 |     3 |    10 ||    17
 Stab: Sleeping          |     2 |    15 |    17 |    35 |    58 ||   127
       Distracted        |       |     1 |     1 |     4 |    13 ||    19
       Held in net/web   |       |       |       |     3 |     2 ||     5
Armor: Leather armour    |    20 |    15 |    23 |       |       ||    58
       Robe              |       |       |    10 |    43 |   196 ||   249
Dodge: Dodged            |    69 |    48 |   101 |   181 |   547 ||   946
Block: Other             |    10 |    20 |    22 |       |       ||    52
       Buckler           |       |       |   143 |   429 |  1102 ||  1674
       Rpst.: Falchion   |       |       |       |       |    26 ||    26

Table legend: (Time is in decaauts)
 A = Elapsed time spent in this place.
 B = Non-inter-level travel time spent in this place.
 C = Inter-level travel time spent in this place.
 D = Time resting spent in this place.
 E = Time spent auto-exploring this place.
 F = Levels seen in this place.
 G = Mean time per level.
                   A        B        C        D        E       F      G
               +--------+--------+--------+--------+--------+-----+--------+
         Total |  23509 |  22542 |    967 |   1557 |  15049 |  25 |  940.4 |
       Dungeon |  13728 |  13164 |    564 |   1087 |   9298 |  15 |  915.2 |
          Lair |   5776 |   5474 |    302 |    164 |   3859 |   6 |  962.7 |
  Orcish Mines |   2587 |   2487 |    100 |    306 |   1084 |   2 | 1293.5 |
       Ossuary |    851 |    851 |      0 |      0 |    665 |   1 |  851.0 |
      Gauntlet |    564 |    564 |      0 |      0 |    141 |   1 |  564.0 |
               +--------+--------+--------+--------+--------+-----+--------+

Top non-repeatable levels by time:
   Orc:2: 1801 daAuts
  Lair:6: 1393 daAuts
     D:1: 1325 daAuts
     D:7: 1295 daAuts
  Lair:3: 1274 daAuts
     D:2: 1260 daAuts
    D:11: 1197 daAuts
     D:4: 971 daAuts
    D:10: 943 daAuts
     D:3: 913 daAuts
  Lair:2: 906 daAuts
 Ossuary: 851 daAuts
    D:14: 844 daAuts
    D:13: 814 daAuts
     D:5: 798 daAuts
